Map: 2000 Atmospheres LE

Players

Spirit (souL)

  • Race: Terran Terran

herO - Winner!

  • Race: Protoss Protoss

Event: TSL 8

VOD

Have the link to the VOD?

Description

Time

  • Played on: Dec. 5, 2021, 11:30 a.m.
  • Length: 18:05

All games in this series

Show
View Real Time Build Order
Export as new Build Order

Spirit Terran 

Build Orders:  

Get SALT Encoding   

  12  0:00  SCV  
  13  0:13  SCV  
  14  0:16  Supply Depot  
  14  0:25  SCV  
  15  0:38  SCV  
  15  0:40  Barracks  
  16  0:50  SCV  
  16  0:52  Refinery  
  17  1:02  SCV  
  17  1:04  Engineering Bay  
  18  1:27  Marine, Orbital Command  
  19  1:47  Barracks Reactor  
  19  1:50  Command Center  
  19  1:54  SCV  
  19  2:01  Supply Depot  
  20  2:08  SCV  
  21  2:13  Factory  
  21  2:24  Marine x2  
  21  2:26  Bunker  
  21  2:28  SCV  
  24  2:33  Refinery  
  24  2:40  SCV  
  25  2:48  Marine  
  26  2:52  SCV  
  26  2:58  Widow Mine  
  29  3:03  Starport  
  29  3:04  SCV  
  29  3:09  Orbital Command  
  29  3:15  Marine  
  29  3:16  SCV  
  33  3:20  Widow Mine  
  33  3:25  Marine  
  34  3:28  SCV  
  35  3:37  SCV  
  35  3:40  SCV, Viking  
  39  3:44  Supply Depot  
  39  3:47  Factory Tech Lab  
  39  3:48  Marine  
  40  3:49  SCV  
  38  3:57  SCV  
  38  4:01  SCV  
  40  4:06  Widow Mine  
  40  4:09  SCV  
  43  4:10  Medivac, Marine  
  43  4:13  SCV  
  47  4:17  Barracks  
  47  4:21  SCV  
  48  4:24  Supply Depot  
  48  4:25  SCV  
  48  4:30  Cyclone  
  52  4:34  SCV, Marine  
  54  4:45  Marine  
  54  4:46  SCV x2  
  54  4:47  Supply Depot  
  57  4:53  Command Center  
  57  4:58  SCV x2, Marine  
  60  5:05  Barracks Tech Lab  
  60  5:06  Supply Depot  
  60  5:10  SCV x2  
  62  5:14  Bunker  
  62  5:18  Supply Depot, Engineering Bay  
  62  5:19  Marine  
  63  5:22  SCV x2  
  63  5:25  Siege Tank  
  67  5:29  Stimpack, Marine  
  67  5:34  SCV  
  67  5:35  Starport Tech Lab  
  69  5:38  SCV  
  69  5:39  Barracks  
  70  5:46  Refinery x2  
  70  5:49  Supply Depot  
  70  5:50  SCV  
  70  5:54  Marauder, Marine  
  70  5:55  SCV  
  70  5:59  Siege Tank  
  70  6:00  Terran Infantry Weapons Level 1  
  71  6:04  SCV  
  71  6:09  Orbital Command  
  72  6:12  Supply Depot, SCV  
  72  6:16  Marine  
  72  6:17  Marauder  
  76  6:18  Starport Reactor  
  76  6:21  SCV  
  76  6:25  SCV  
  78  6:29  Supply Depot  
  78  6:33  Siege Tank, Barracks  
  78  6:35  Barracks  
  78  6:39  Marine  
  83  6:41  Marauder, Marine  
  83  6:45  Marine  
  83  6:46  Supply Depot  
  86  6:48  SCV  
  87  6:54  SCV  
  87  6:56  Medivac, Marine  
  87  6:59  Marine  
  92  7:03  Marauder x2  
  92  7:06  Siege Tank, Combat Shield  
  99  7:09  Concussive Shells  
  99  7:12  Orbital Command  
  99  7:16  SCV x2  
  99  7:18  Marine  
  102  7:24  Marauder  
  102  7:28  Medivac, SCV  
  102  7:29  SCV  
  108  7:33  Bunker  
  108  7:34  Medivac, Marine  
  108  7:36  Bunker  
  109  7:38  Supply Depot  
  109  7:39  Supply Depot x2  
  109  7:42  SCV x3  
  109  7:43  Marauder  
  114  7:47  Barracks Reactor, Barracks Tech Lab  
  114  7:54  SCV x3, Terran Infantry Armor Level 1  
  114  7:56  Supply Depot  
  117  7:59  Marine  
  117  8:00  Marauder  
  117  8:02  Supply Depot, Viking  
  117  8:04  Marauder  
  124  8:06  SCV x2  
  124  8:07  Supply Depot, Viking  
  124  8:09  Marine  
  129  8:15  SCV, Refinery  
  129  8:17  Refinery  
  129  8:19  SCV x2  
  132  8:30  Supply Depot, Command Center  
  131  8:36  Engineering Bay, Armory  
  131  8:39  Ghost Academy, Marine  
  134  8:41  Marauder  
  134  8:44  Medivac  
  134  8:45  SCV  
  134  8:46  SCV  
  135  8:52  Medivac, Sensor Tower  
  135  8:54  SCV  
  135  8:55  Supply Depot  
  138  8:56  Marine  
  138  8:57  Marauder  
  138  8:59  SCV  
  138  9:02  SCV  
  143  9:07  Supply Depot  
  146  9:13  SCV  
  146  9:14  SCV  
  146  9:16  Supply Depot  
  150  9:28  Terran Infantry Weapons Level 2, Marine  
  150  9:29  Marine x3  
  154  9:38  Unknown x2  
  156  9:39  Viking x2  
  156  9:45  SCV x2  
  162  9:46  Unknown, Marine x3  
  162  9:47  Barracks x3  
  162  9:51  Terran Infantry Armor Level 2  
  165  10:00  SCV x2  
  165  10:01  Starport  
  165  10:03  Marauder, Marine  
  165  10:06  Unknown  
  170  10:08  Planetary Fortress  
  170  10:09  Marine  
  170  10:12  SCV  
  172  10:15  SCV  
  172  10:17  Viking  
  172  10:18  Refinery, Viking  
  172  10:21  Refinery  
  175  10:22  Missile Turret  
  175  10:26  SCV  
  176  10:30  Sensor Tower  
  176  10:32  Terran Ship Weapons Level 1  
  176  10:33  Missile Turret  
  176  10:35  Missile Turret  
  176  10:38  Starport Reactor  
  176  10:46  Barracks Tech Lab x3  
  176  10:48  Command Center  
  176  10:49  Marauder, Marine  
  178  10:51  Enhanced Shockwaves  
  178  10:52  Command Center  
  176  10:59  Viking x2  
  176  11:00  Marine  
  176  11:01  Marauder  
  185  11:07  Marauder, Marine  
  185  11:11  Marauder  
  190  11:13  Fusion Core  
  190  11:15  Marauder  
  190  11:16  Marauder  
  194  11:20  Marine  
  194  11:22  Marauder  
  197  11:29  Marauder  
  197  11:30  Command Center  
  197  11:32  Unknown  
  199  11:39  Viking x3  
  184  11:42  Marauder x2, Marine  
  184  11:46  SCV x2  
  184  11:48  SCV  
  184  11:50  Marauder, Marine  
  184  11:51  Marauder  
  187  11:55  Marine  
  187  11:56  Marauder, Viking  
  187  12:01  Marauder, Marine  
  188  12:08  Marine  
  192  12:12  Marauder x2, Marine  
  192  12:13  Marine x2  
  176  12:18  Marine  
  176  12:20  Marine  
  176  12:21  Marine  
  176  12:22  Marine  
  160  12:26  Marine  
  156  12:32  Marine  
  156  12:33  Marine x4  
  156  12:35  Liberator, Marine  
  156  12:36  Liberator x3, Advanced Ballistics, Terran Ship Weapons Level 2  
  160  12:38  Marine  
  160  12:39  Marine  
  160  12:40  Marine  
  160  12:43  SCV, Marine  
  165  12:45  SCV x2  
  165  12:50  Marine x3  
  170  12:51  Marauder, Marine  
  170  12:53  Missile Turret, SCV, Marine  
  170  12:55  SCV, Planetary Fortress  
  170  12:57  Marine  
  170  12:58  Marauder  
  179  13:04  Marine  
  180  13:06  Marine  
  180  13:08  Marine x3  
  180  13:09  Marine  
  180  13:11  SCV x2, Marine  
  187  13:18  Liberator, Marine  
  199  13:22  Liberator x2  
  199  13:34  Terran Infantry Weapons Level 3, Sensor Tower, Terran Infantry Armor Level 3  
  199  13:49  Personal Cloaking  
  199  13:53  Ghost Academy  
  199  14:00  Viking, Command Center  
  200  14:07  Unknown  
  195  14:20  Ghost Academy  
  195  14:27  Nuke  
  195  14:30  Unknown x3, Marine  
  195  14:31  Marauder, Marine  
  198  14:34  Marine  
  170  14:52  Liberator  
  170  14:54  Marine  
  170  14:55  Marine  
  170  14:56  Marine x2  
  170  14:59  Marine  
  148  15:02  Liberator  
  148  15:03  Marine  
  148  15:04  Marine x4  
  134  15:12  Medivac, Marine  
  134  15:13  Marine x3  
  137  15:17  Refinery  
  137  15:18  Refinery  
  149  15:29  Marine  
  149  15:31  Marine x3  
  153  15:37  Liberator, Barracks  
  153  15:41  Barracks  
  156  15:45  Unknown  
  156  15:46  Medivac x2  
  156  15:47  Marine  
  163  15:50  Unknown x4  
  163  15:51  Marauder x4, Unknown  
  169  16:12  Marauder x3  
  169  16:14  Unknown, Marine  
  169  16:17  Marine  
  181  16:18  Unknown  
  181  16:25  Marine x2  
  183  16:32  Marine  
  182  16:34  Marauder, Marine  
  172  16:40  Unknown  
  172  16:41  Marauder  
  172  16:42  Unknown  
  172  16:43  Marine x2  
  167  16:47  Unknown  
  167  16:50  Marine  
  167  16:52  Marine  
  165  17:00  Marine  
  165  17:01  Marine x2  
  149  17:02  Unknown x2, Marine x2  
  149  17:08  Marine  
  128  17:10  Marine  
  128  17:11  Unknown  
  105  17:15  Unknown  
  105  17:18  Marine x2  
  105  17:19  Marine x2  
  104  17:23  Unknown, Marine  
  104  17:26  Marine  
  104  17:28  Marine  
  80  17:36  Marine  
  80  17:37  Marine x2  
  80  17:39  Unknown, Marine  
  80  17:41  Marine  
  80  17:44  Unknown, Marine  
  80  17:46  Marine  
  80  17:48  Unknown  
Show
View Real Time Build Order
Export as new Build Order

herO Protoss - Winner!

Build Orders: Blink Stalkers, Carriers, Colossus Rush 

Get SALT Encoding   

  12  0:00  Probe  
  13  0:12  Probe  
  14  0:17  Pylon  
  14  0:24  Probe  
  15  0:36  Gateway  
  15  0:38  Probe (Chrono Boost)  
  16  0:42  Assimilator  
  16  0:49  Probe (Chrono Boost)  
  17  0:54  Probe (Chrono Boost)  
  19  1:04  Probe  
  19  1:16  Probe  
  20  1:24  Cybernetics Core  
  20  1:28  Probe  
  23  1:50  Nexus  
  23  1:52  Assimilator  
  22  1:58  Pylon  
  22  1:59  Adept (Chrono Boost)  
  23  2:16  Probe  
  23  2:19  Adept (Chrono Boost)  
  26  2:28  Probe  
  27  2:41  Probe, Stargate  
  28  2:47  Adept  
  30  2:54  Warp Gate (Chrono Boost)  
  30  2:55  Probe (Chrono Boost)  
  31  2:58  Pylon  
  31  3:02  Probe (Chrono Boost)  
  32  3:11  Twilight Council  
  32  3:12  Probe (Chrono Boost)  
  34  3:13  Probe (Chrono Boost)  
  34  3:17  Probe (Chrono Boost)  
  34  3:18  Probe (Chrono Boost)  
  36  3:24  Gateway  
  36  3:25  Gateway  
  36  3:29  Probe  
  36  3:30  Probe  
  38  3:39  Stalker  
  40  3:42  Blink (Chrono Boost), Probe x2  
  40  3:56  Probe  
  40  3:57  Probe  
  40  4:00  Robotics Facility  
  38  4:07  Assimilator  
  38  4:08  Probe  
  38  4:09  Probe  
  44  4:21  Probe x2, Pylon  
  44  4:23  Assimilator  
  42  4:29  Pylon  
  42  4:33  Probe x2  
  42  4:34  Stalker x3  
  50  4:45  Probe x2  
  52  4:46  Pylon  
  52  4:50  Observer  
  53  4:58  Stalker x3  
  53  4:59  Probe  
  61  5:00  Probe  
  61  5:14  Robotics Bay, Forge  
  61  5:22  Observer  
  61  5:26  Nexus  
  62  5:29  Probe x2  
  64  5:37  Sentry, Pylon  
  64  5:38  Sentry  
  64  5:40  Pylon  
  64  5:41  Probe x2  
  68  5:59  Colossus (Chrono Boost)  
  68  6:00  Probe x2  
  76  6:12  Probe x2, Pylon  
  76  6:14  Extended Thermal Lance  
  78  6:20  Gateway  
  78  6:27  Protoss Ground Weapons Level 1  
  78  6:29  Gateway, Probe  
  78  6:31  Probe  
  80  6:42  Probe (Chrono Boost)  
  80  6:43  Colossus (Chrono Boost)  
  87  6:48  Probe x2 (Chrono Boost), Sentry  
  87  6:53  Probe (Chrono Boost)  
  92  6:57  Probe x2 (Chrono Boost)  
  92  6:58  Assimilator, Probe (Chrono Boost)  
  95  7:02  Assimilator  
  95  7:04  Probe x2  
  95  7:07  Charge  
  95  7:08  Probe  
  98  7:09  Shield Battery  
  98  7:16  Probe x2  
  98  7:20  Probe, Pylon  
  98  7:21  Zealot  
  98  7:22  Zealot x3  
  109  7:23  Pylon  
  105  7:34  Colossus (Chrono Boost)  
  105  7:36  Probe x3  
  114  7:46  Shield Battery  
  114  7:48  Photon Cannon  
  114  7:49  Photon Cannon  
  114  7:54  Observer  
  114  7:56  Pylon  
  114  8:00  Stargate  
  114  8:03  Stalker  
  114  8:04  Stalker x2  
  120  8:12  Immortal (Chrono Boost)  
  120  8:14  Pylon  
  124  8:21  Gateway  
  124  8:24  Gateway  
  124  8:32  Stalker x3, Protoss Ground Weapons Level 2 (Chrono Boost)  
  130  8:34  Protoss Air Weapons Level 1  
  130  8:39  Pylon  
  128  8:46  Pylon  
  128  8:49  Observer  
  128  8:52  Oracle (Chrono Boost)  
  128  8:53  Fleet Beacon  
  131  8:59  Immortal  
  135  9:03  Stargate  
  135  9:06  Zealot  
  135  9:07  Zealot x3  
  142  9:13  Pylon  
  142  9:17  Nexus  
  142  9:25  Templar Archives  
  142  9:30  Stalker, Zealot x2  
  142  9:31  Pylon  
  146  9:43  Pylon  
  146  9:44  Carrier (Chrono Boost)  
  146  9:47  Phoenix (Chrono Boost)  
  158  9:53  Carrier (Chrono Boost)  
  158  9:54  Probe x3  
  158  9:56  Shield Battery  
  161  10:00  Photon Cannon  
  161  10:03  High Templar x2  
  165  10:07  Archon  
  165  10:09  Immortal  
  165  10:13  Pylon  
  169  10:25  Assimilator  
  169  10:26  Assimilator  
  167  10:38  Carrier (Chrono Boost)  
  167  10:41  Carrier (Chrono Boost)  
  179  10:47  Protoss Air Weapons Level 2  
  179  10:52  Protoss Ground Weapons Level 3 (Chrono Boost)  
  179  10:53  Gateway x2  
  179  10:57  Gateway  
  179  11:05  Photon Cannon  
  179  11:06  Pylon  
  179  11:11  Zealot x5  
  189  11:21  Observer  
  189  11:24  Zealot x2  
  194  11:27  Dark Shrine  
  186  11:44  Nexus  
  174  11:47  Carrier x2 (Chrono Boost)  
  170  12:05  Stalker x5  
  173  12:10  Zealot x2  
  129  12:35  High Templar x4  
  129  12:36  Zealot x6  
  149  12:39  Archon  
  149  12:40  Disruptor (Chrono Boost)  
  152  12:44  Pylon  
  152  12:48  Probe  
  152  12:49  Probe x3  
  156  12:59  Carrier x2 (Chrono Boost)  
  168  13:06  Archon  
  166  13:15  Probe x3  
  166  13:16  Probe x2  
  166  13:18  Robotics Facility  
  171  13:20  Stalker x2  
  171  13:21  Stalker  
  171  13:26  High Templar  
  171  13:27  Zealot, High Templar x3  
  181  13:31  Archon  
  181  13:32  Archon, Disruptor (Chrono Boost)  
  181  13:33  Zealot x2  
  191  13:40  Assimilator  
  194  13:41  Assimilator  
  199  13:51  Photon Cannon  
  199  13:52  Shield Battery  
  192  14:01  Disruptor  
  173  14:04  Psionic Storm  
  173  14:05  Carrier x2 (Chrono Boost)  
  185  14:14  Protoss Ground Armor Level 1 (Chrono Boost)  
  185  14:21  Probe x4  
  185  14:41  Stalker x4, Zealot x4  
  170  14:55  Stalker x2  
  166  15:03  Colossus x2 (Chrono Boost)  
  172  15:16  High Templar x3  
  178  15:25  Observer  
  178  15:28  Probe x5  
  183  15:32  High Templar  
  183  15:33  Zealot x3, High Templar x3  
  196  16:02  High Templar x2  
  200  16:10  Nexus  
  200  16:12  Pylon  
  200  16:17  Dark Templar x2  
  175  16:37  Archon  
  160  16:45  Stalker x8  
  170  16:48  Archon  
  170  16:51  Observer  
  170  16:52  Observer  
  171  17:02  Archon x2  
  171  17:06  High Templar x2  
  163  17:11  High Templar x3  
  163  17:12  High Templar x3  
Tags
 
Add a new tag
Caveats
  • Supply blocks, unpowered buildings, or Contaminate may cause inaccurate times.
  • Supply counts are checked every 10 seconds.